[Event "AUT-ch 2018"]
[Site "Vienna"]
[Date "2018.07.25"]
[Round "5"]
[White "Diermair, Andreas"]
[Black "Fauland, Alexander"]
[Result "1-0"]
[ECO "D31"]
[WhiteElo "2508"]
[BlackElo "2419"]
[Annotator "ChessBase"]
[PlyCount "45"]
[EventDate "2018.07.22"]
[EventType "swiss"]
[EventCountry "AUT"]
[SourceTitle "playchess.com"]
[Source "ChessBase"]
[SourceQuality "1"]
[TimeControl "40/5400+30:1800+30"]

1. d4 d5 2. c4 e6 3. Nc3 c6 4. Nf3 f5 5. Bf4 Nf6 6. e3 Be7 7. Bd3 O-O 8. h3 Ne4 9. Qb3 Nd7 10. cxd5 cxd5 11. Rc1 a6 12. O-O g5 13. Bh2 Ndf6 14. Rc2 g4 15. Ne5 Bd6 16. Ne2 gxh3 17. gxh3 Ng5 18. Nf4 Bxe5 19. dxe5 Ne8 20. f3 Kh8 21. Kh1 Ng7 22. Rg2 Ne8 23. Qb4 1-0

[Event "AUT-ch 2018"]
[Site "Vienna"]
[Date "2018.07.25"]
[Round "5"]
[White "Menezes, Christoph"]
[Black "Kummer, Helmut"]
[Result "0-1"]
[ECO "A08"]
[WhiteElo "2430"]
[BlackElo "2290"]
[Annotator "NA"]
[PlyCount "144"]
[EventDate "2018.07.22"]
[EventType "swiss"]
[EventCountry "AUT"]
[SourceTitle "playchess.com"]
[Source "ChessBase"]
[SourceQuality "1"]
[TimeControl "40/5400+30:1800+30"]

1. Nf3 d5 2. g3 c5 3. Bg2 Nc6 4. d4 e6 5. O-O Nf6 6. c4 cxd4 7. Nxd4 Bc5 8. Nxc6 bxc6 9. Qa4 Bd7 10. Qc2 Rc8 11. Nc3 e5 12. Bg5 d4 13. Ne4 Be7 14. Bxf6 gxf6 15. Nd2 f5 16. Nf3 Bf6 17. e4 fxe4 18. Qxe4 O-O 19. Nxe5 Re8 20. f4 c5 21. Rfe1 Qc7 22. Bf1 Bxe5 23. fxe5 Qc6 24. Qf4 Qg6 25. Rad1 Rb8 26. Bd3 Qg7 27. Rd2 Rb6 28. Be4 Be6 29. Bd3 a5 30. g4 Reb8 31. Ree2 Rb4 32. Rc2 h6 33. h3 Qg5 34. Qe4 Kf8 35. Kh2 h5 36. Kg3 R4b6 37. Qf4 Qxf4+ 38. Kxf4 hxg4 39. hxg4 Kg7 40. Rh2 Rh8 41. Rxh8 Kxh8 42. Bf5 a4 43. Ke4 Kg7 44. Kf4 Rb8 45. Be4 Rb4 46. Bd3 Kf8 47. Kg3 Ke7 48. Kf4 Rb8 49. Be4 Rd8 50. Bd3 Rh8 51. Be4 Rh3 52. Bf3 Kd8 53. Bd5 Kd7 54. Rf2 Ke7 55. a3 Re3 56. Rd2 Re1 57. Rf2 Rg1 58. Bxe6 Kxe6 59. Rf3 Rb1 60. Rf2 Rc1 61. Ke4 Re1+ 62. Kd3 Rxe5 63. Rh2 Re3+ 64. Kd2 Rb3 65. Kc1 Ke5 66. Rh5+ Ke4 67. Rxc5 Rg3 68. Rc8 Kd3 69. Kb1 Rg1+ 70. Ka2 Kc2 71. c5 d3 72. c6 Rxg4 0-1

[Event "AUT-ch 2018"]
[Site "Vienna"]
[Date "2018.07.25"]
[Round "5"]
[White "Blohberger, Felix"]
[Black "Schwabeneder, Florian"]
[Result "1-0"]
[ECO "A04"]
[WhiteElo "2420"]
[BlackElo "2431"]
[Annotator "NA"]
[PlyCount "79"]
[EventDate "2018.07.22"]
[EventType "swiss"]
[EventCountry "AUT"]
[SourceTitle "playchess.com"]
[Source "ChessBase"]
[SourceQuality "1"]
[TimeControl "40/5400+30:1800+30"]

1. Nf3 b6 2. e4 Bb7 3. Nc3 e6 4. d4 Bb4 5. Bd3 Nf6 6. Nd2 d5 7. e5 Nfd7 8. Qg4 g6 9. Nf3 Ba6 10. Bxa6 Nxa6 11. O-O c6 12. Bh6 Bf8 13. Bxf8 Nxf8 14. Ne2 Qe7 15. Rfc1 Nd7 16. c4 O-O 17. h4 h6 18. a3 Rfc8 19. Rc3 Nc7 20. Rac1 c5 21. b4 dxc4 22. dxc5 Nb5 23. Rxc4 Nxa3 24. R4c3 Nb5 25. R3c2 bxc5 26. bxc5 a6 27. c6 Nb6 28. Ng3 Nd5 29. Ne4 Ra7 30. Rc5 Rd8 31. h5 g5 32. Rxd5 exd5 33. Nf6+ Kf8 34. Qf5 Qe6 35. Qh7 Ke7 36. Qxh6 Qf5 37. Qg7 Qf4 38. Re1 g4 39. Ng5 Rf8 40. Nxd5+ 1-0

[Event "AUT-ch 2018"]
[Site "Vienna"]
[Date "2018.07.25"]
[Round "5"]
[White "Huber, Martin Christian"]
[Black "Khalakhan, Jurij"]
[Result "1-0"]
[ECO "A04"]
[WhiteElo "2374"]
[BlackElo "2215"]
[Annotator "NA"]
[PlyCount "43"]
[EventDate "2018.07.22"]
[EventType "swiss"]
[EventCountry "AUT"]
[SourceTitle "playchess.com"]
[Source "ChessBase"]
[SourceQuality "1"]
[TimeControl "40/5400+30:1800+30"]

1. Nf3 f5 2. g3 Nf6 3. Bg2 g6 4. O-O Bg7 5. d4 O-O 6. b3 d6 7. Bb2 Ng4 8. Qc1 f4 9. c4 fxg3 10. hxg3 e5 11. dxe5 dxe5 12. Nc3 Qe8 13. Nd5 Na6 14. Qg5 Rf7 15. Rad1 Bd7 16. Bh3 c6 17. Bxg4 Bxg4 18. Qxg4 cxd5 19. Rxd5 e4 20. Bxg7 Rxg7 21. Re5 Re7 22. Qxe4 1-0

[Event "AUT-ch 2018"]
[Site "Vienna"]
[Date "2018.07.25"]
[Round "5"]
[White "Morgunov, Marc"]
[Black "Trippold, Denise"]
[Result "1-0"]
[ECO "C07"]
[WhiteElo "2362"]
[BlackElo "2138"]
[Annotator "NA"]
[PlyCount "59"]
[EventDate "2018.07.22"]
[EventType "swiss"]
[EventCountry "AUT"]
[SourceTitle "playchess.com"]
[Source "ChessBase"]
[SourceQuality "1"]
[TimeControl "40/5400+30:1800+30"]

1. e4 e6 2. d4 d5 3. Nd2 c5 4. exd5 Qxd5 5. Ngf3 cxd4 6. Bc4 Qd6 7. O-O Nf6 8. Nb3 Nc6 9. Nbxd4 Nxd4 10. Nxd4 a6 11. Re1 Qc7 12. Bf1 Bd6 13. Nf5 Bxh2+ 14. Kh1 Kf8 15. Qd4 exf5 16. Qxf6 h6 17. Qd4 Bd6 18. Bc4 Bd7 19. b3 Bc5 20. Qd5 Be6 21. Rxe6 Rd8 22. Qe5 Rd1+ 23. Kh2 Qxe5+ 24. Rxe5 Bd6 25. Ba3 Rxa1 26. Bxd6+ Kg8 27. Re7 Rxa2 28. Bxf7+ Kh7 29. Be6 Kg6 30. Be5 1-0

[Event "AUT-ch 2018"]
[Site "Vienna"]
[Date "2018.07.25"]
[Round "5"]
[White "Knoll, Hermann"]
[Black "Hapala, Elisabeth"]
[Result "1-0"]
[ECO "B40"]
[WhiteElo "2338"]
[BlackElo "2131"]
[Annotator "NA"]
[PlyCount "95"]
[EventDate "2018.07.22"]
[EventType "swiss"]
[EventCountry "AUT"]
[SourceTitle "playchess.com"]
[Source "ChessBase"]
[SourceQuality "1"]
[TimeControl "40/5400+30:1800+30"]

1. e4 c5 2. Nf3 e6 3. Qe2 Nc6 4. g3 Nge7 5. c3 e5 6. Na3 g6 7. Bg2 Bg7 8. O-O O-O 9. Nc2 b6 10. d4 cxd4 11. cxd4 Nxd4 12. Ncxd4 exd4 13. Bf4 d5 14. e5 Nc6 15. Qd2 Ba6 16. Rfe1 d3 17. h4 Qd7 18. Kh2 Nd8 19. h5 Ne6 20. Bh3 Rac8 21. hxg6 hxg6 22. Bxe6 Qxe6 23. Nd4 Qg4 24. f3 Qd7 25. b3 Rc5 26. g4 Rfc8 27. Kg3 Rc2 28. Qe3 Re2 29. Rxe2 dxe2 30. Rh1 Qe7 31. Kf2 Re8 32. Kg2 Qa3 33. Qd2 Qe7 34. Bg3 Qd7 35. Nxe2 Bxe5 36. Bxe5 Rxe5 37. Nd4 Qe7 38. Qh6 Qf6 39. Kg3 Re7 40. Qd2 Qe5+ 41. Kg2 Qe3 42. Qxe3 Rxe3 43. Rd1 Kf8 44. Kg3 Ke7 45. Rc1 Kd7 46. Kf4 Rd3 47. Nc6 Bb7 48. Ne5+ {Ba6 Nc6 Re3 Nd4} 1-0

[Event "AUT-ch 2018"]
[Site "Vienna"]
[Date "2018.07.25"]
[Round "5"]
[White "Sandhoefner, Florian"]
[Black "Windhager, Hannes"]
[Result "1/2-1/2"]
[ECO "B73"]
[WhiteElo "2327"]
[BlackElo "2203"]
[Annotator "NA"]
[PlyCount "60"]
[EventDate "2018.07.22"]
[EventType "swiss"]
[EventCountry "AUT"]
[SourceTitle "playchess.com"]
[Source "ChessBase"]
[SourceQuality "1"]
[TimeControl "40/5400+30:1800+30"]

1. e4 c5 2. Nf3 d6 3. d4 cxd4 4. Nxd4 Nf6 5. Nc3 g6 6. Be3 Bg7 7. Be2 O-O 8. O-O Nc6 9. Qd2 d5 10. Nxc6 bxc6 11. Rad1 Qc7 12. exd5 Nxd5 13. Nxd5 cxd5 14. Qxd5 Be6 15. Qc5 Qxc5 16. Bxc5 Bxb2 17. Bxe7 Rfe8 18. Bc5 Bxa2 19. Bf3 Rac8 20. Bxa7 Rxc2 21. Be3 Bg7 22. Bd5 Bxd5 23. Rxd5 Rc7 24. Rfd1 h5 25. g3 Bf6 26. Rd7 Rxd7 27. Rxd7 Kg7 28. Kg2 Re6 29. Bd4 Bxd4 30. Rxd4 Ra6 1/2-1/2

[Event "AUT-ch 2018"]
[Site "Vienna"]
[Date "2018.07.25"]
[Round "5"]
[White "Mostbauer, Florian"]
[Black "Polterauer, Chiara"]
[Result "1-0"]
[ECO "C68"]
[WhiteElo "2319"]
[BlackElo "2169"]
[Annotator "ChessBase"]
[PlyCount "169"]
[EventDate "2018.07.22"]
[EventType "swiss"]
[EventCountry "AUT"]
[SourceTitle "playchess.com"]
[Source "ChessBase"]
[SourceQuality "1"]
[TimeControl "40/5400+30:1800+30"]

1. e4 e5 2. Nf3 Nc6 3. Bb5 a6 4. Bxc6 dxc6 5. Nc3 Qf6 6. d4 exd4 7. Qxd4 Qxd4 8. Nxd4 Bd7 9. Bf4 O-O-O 10. O-O-O Bd6 11. Nde2 Bc5 12. f3 Ne7 13. Rd3 Ng6 14. Bg3 h5 15. h3 h4 16. Bh2 f5 17. Rhd1 Rhf8 18. exf5 Bxf5 19. Rxd8+ Rxd8 20. Rxd8+ Kxd8 21. Kd2 Kd7 22. Ne4 Bb6 23. b3 Nf8 24. Nf4 Ba5+ 25. Ke2 Bb6 26. c4 Bd4 27. Nd3 Ne6 28. Be5 c5 29. Bh2 Bxe4 30. fxe4 Ng5 31. Ne5+ Ke6 32. Nf3 Nxe4 33. Nxh4 Nc3+ 34. Kd3 Nxa2 35. Bxc7 Nc1+ 36. Kc2 Ne2 37. Kd2 Nc3 38. Kd3 Na2 39. Nf3 Bf6 40. g4 Nc1+ 41. Kc2 Ne2 42. Bb6 Be7 43. h4 Nf4 44. h5 Kd6 45. Kd2 Ne6 46. Ke3 Bf6 47. Ke4 Bc3 48. Kf5 Kd7 49. g5 Kd6 50. h6 Nf8 51. hxg7 Bxg7 52. Nd2 Nd7 53. Ne4+ Kc6 54. Bd8 b5 55. Ke6 bxc4 56. bxc4 Ne5 57. Nd2 Nd3 58. Kf7 Bc3 59. Ne4 Bd4 60. Bf6 Nf4 61. g6 Nxg6 62. Kxg6 a5 63. Bg5 a4 64. Bc1 Kb6 65. Ba3 Kc6 66. Kf5 Be3 67. Nc3 Bh6 68. Ke6 Be3 69. Nxa4 Bd4 70. Nb2 Bg1 71. Nd3 Bd4 72. Ne5+ Kb6 73. Kd5 Bc3 74. Bxc5+ Kc7 75. Ba3 Be1 76. c5 Bg3 77. Bb4 Bf2 78. Ba5+ Kc8 79. c6 Bg3 80. Nc4 Kb8 81. Nd6 Ka7 82. c7 Bxd6 83. Kxd6 Kb7 84. Kd7 Ka7 85. Bb6+ 1-0

[Event "AUT-ch 2018"]
[Site "Vienna"]
[Date "2018.07.25"]
[Round "5"]
[White "Vitouch, Anatol"]
[Black "Pacher, Simon"]
[Result "1/2-1/2"]
[ECO "A45"]
[WhiteElo "2317"]
[BlackElo "2097"]
[Annotator "NA"]
[PlyCount "88"]
[EventDate "2018.07.22"]
[EventType "swiss"]
[EventCountry "AUT"]
[SourceTitle "playchess.com"]
[Source "ChessBase"]
[SourceQuality "1"]
[TimeControl "40/5400+30:1800+30"]

1. d4 Nf6 2. Bg5 Ne4 3. Bf4 d6 4. f3 Nf6 5. e4 Nbd7 6. Nc3 e5 7. Be3 c6 8. Nge2 Be7 9. dxe5 dxe5 10. Ng3 O-O 11. Nf5 Bb4 12. Nd6 Qe7 13. Nxc8 Raxc8 14. Bc4 b5 15. Be2 Bc5 16. Qc1 Nb6 17. O-O Rcd8 18. a4 b4 19. Nd1 a5 20. Nf2 Ne8 21. c3 Nd7 22. cxb4 Bxe3 23. Qxe3 Qxb4 24. Nd3 Qd4 25. Qxd4 exd4 26. Rfc1 Rc8 27. b4 Nd6 28. Nc5 Rfd8 29. Rab1 Nxc5 30. bxc5 Ne8 31. Bd3 Nc7 32. Rb6 Ne6 33. g3 h5 34. f4 h4 35. Kf2 hxg3+ 36. hxg3 g6 37. Ke2 Kg7 38. f5 gxf5 39. exf5 Nf8 40. Be4 d3+ 41. Bxd3 Nd7 42. Rb7 Ne5 43. Rc3 Rd4 44. Bc2 Rh8 1/2-1/2

[Event "AUT-ch 2018"]
[Site "Vienna"]
[Date "2018.07.25"]
[Round "5"]
[White "Gerhold, Michael"]
[Black "Ager, Josef"]
[Result "0-1"]
[ECO "C54"]
[WhiteElo "2254"]
[BlackElo "2154"]
[Annotator "NA"]
[PlyCount "98"]
[EventDate "2018.07.22"]
[EventType "swiss"]
[EventCountry "AUT"]
[SourceTitle "playchess.com"]
[Source "ChessBase"]
[SourceQuality "1"]
[TimeControl "40/5400+30:1800+30"]

1. e4 e5 2. Nf3 Nc6 3. Bc4 Bc5 4. c3 Nf6 5. d3 d6 6. a4 a6 7. O-O Ba7 8. Na3 Bg4 9. Nc2 O-O 10. Be3 Ne7 11. Bxa7 Rxa7 12. Ne3 Bh5 13. h3 Kh8 14. a5 h6 15. Kh2 Qd7 16. g4 Bg6 17. Nf5 Nc6 18. Qe2 Raa8 19. Bb3 Nd8 20. N3h4 Bh7 21. Ng2 Ne6 22. f4 Ng8 23. Nfe3 exf4 24. Nxf4 Nc5 25. Bc4 c6 26. b4 Ne6 27. Rf2 Nxf4 28. Rxf4 d5 29. Rf2 dxc4 30. Nxc4 Qe6 31. e5 Ne7 32. d4 Nd5 33. Rf3 g5 34. Nd6 Nf4 35. Qe3 Rab8 36. Re1 f5 37. Rg1 fxg4 38. hxg4 Kg7 39. Qf2 Nd3 40. Qg3 Rxf3 41. Qxf3 Rf8 42. Qg3 Nf4 43. Re1 Qa2+ 44. Kh1 Bg8 45. Qh2 Qd5+ 46. Kg1 Be6 47. Qg3 Qa2 48. Qh2 Qb3 49. Qd2 Nh3+ {Ra1} 0-1

[Event "AUT-ch 2018"]
[Site "Vienna"]
[Date "2018.07.25"]
[Round "5"]
[White "Ly, Dominik"]
[Black "Schreiner, Peter"]
[Result "0-1"]
[ECO "C50"]
[WhiteElo "2217"]
[BlackElo "2467"]
[Annotator "ChessBase"]
[PlyCount "38"]
[EventDate "2018.07.22"]
[EventType "swiss"]
[EventCountry "AUT"]
[SourceTitle "playchess.com"]
[Source "ChessBase"]
[SourceQuality "1"]
[TimeControl "40/5400+30:1800+30"]

1. e4 e5 2. Nf3 Nc6 3. Bc4 Bc5 4. O-O Nf6 5. d3 a6 6. c3 Ba7 7. a4 d6 8. Nbd2 Nh5 9. Re1 Nf4 10. Nf1 Qf6 11. Bxf4 Qxf4 12. Ne3 Ne7 13. d4 O-O 14. Qd2 Ng6 15. Rad1 Bd7 16. a5 Rad8 17. Qd3 c6 18. Nf5 d5 19. Qe2 dxe4 0-1

[Event "AUT-ch 2018"]
[Site "Vienna"]
[Date "2018.07.25"]
[Round "5"]
[White "Peyrer, Konstantin"]
[Black "Toelly, Michael"]
[Result "1/2-1/2"]
[ECO "B40"]
[WhiteElo "2209"]
[BlackElo "2127"]
[Annotator "NA"]
[PlyCount "88"]
[EventDate "2018.07.22"]
[EventType "swiss"]
[EventCountry "AUT"]
[SourceTitle "playchess.com"]
[Source "ChessBase"]
[SourceQuality "1"]
[TimeControl "40/5400+30:1800+30"]

1. e4 c5 2. Nf3 e6 3. d3 Nc6 4. g3 d5 5. Nbd2 Nf6 6. Bg2 Bd6 7. O-O O-O 8. Re1 Qc7 9. Qe2 dxe4 10. dxe4 e5 11. c3 Na5 12. Nh4 Rd8 13. Nf1 Bf8 14. Bg5 Qb6 15. Nf5 h6 16. Be3 Be6 17. b3 Rd7 18. g4 Qa6 19. Qf3 Qc6 20. g5 hxg5 21. Bxg5 Nh7 22. Bh4 g6 23. N5e3 f5 24. exf5 Qxf3 25. Bxf3 gxf5 26. Rad1 Rg7+ 27. Kh1 Ng5 28. Bxg5 Rxg5 29. Bd5 Bxd5+ 30. Nxd5 Nc6 31. Ng3 Bg7 32. Nc7 Rd8 33. Ne6 Rxd1 34. Rxd1 Rg6 35. Nxg7 Kxg7 36. Nxf5+ Kf6 37. Nd6 b6 38. Nc8 Kf5 39. Rd7 e4 40. Rf7+ Ke6 41. Rc7 Ne5 42. h4 Rg8 43. Ne7 Re8 44. Nc8 Rg8 1/2-1/2

[Event "AUT-ch 2018"]
[Site "Vienna"]
[Date "2018.07.25"]
[Round "5"]
[White "Thoma, Wilhelm Jun."]
[Black "Bauer, Thomas"]
[Result "1-0"]
[ECO "A05"]
[WhiteElo "2181"]
[BlackElo "2181"]
[Annotator "NA"]
[PlyCount "55"]
[EventDate "2018.07.22"]
[EventType "swiss"]
[EventCountry "AUT"]
[SourceTitle "playchess.com"]
[Source "ChessBase"]
[SourceQuality "1"]
[TimeControl "40/5400+30:1800+30"]

1. Nf3 Nf6 2. c4 g6 3. Nc3 Bg7 4. e4 c5 5. d4 cxd4 6. Nxd4 Nc6 7. Be3 O-O 8. Be2 d6 9. O-O Nd7 10. Qd2 Nxd4 11. Bxd4 Nc5 12. Rfd1 Bxd4 13. Qxd4 Ne6 14. Qe3 Qa5 15. Nd5 Re8 16. b4 Qa4 17. f4 Qc6 18. a4 b6 19. c5 Nc7 20. Bb5 Nxb5 21. axb5 Qb7 22. c6 Qb8 23. f5 Kg7 24. Ra3 a6 25. Nxb6 Ra7 26. Nxc8 Rxc8 27. b6 Rxc6 28. bxa7 1-0

[Event "AUT-ch 2018"]
[Site "Vienna"]
[Date "2018.07.25"]
[Round "5"]
[White "Newrkla, Katharina"]
[Black "Neumeier, Klaus"]
[Result "1-0"]
[ECO "B26"]
[WhiteElo "2175"]
[BlackElo "2284"]
[Annotator "NA"]
[PlyCount "65"]
[EventDate "2018.07.22"]
[EventType "swiss"]
[EventCountry "AUT"]
[SourceTitle "playchess.com"]
[Source "ChessBase"]
[SourceQuality "1"]
[TimeControl "40/5400+30:1800+30"]

1. e4 c5 2. Nc3 Nc6 3. g3 g6 4. Bg2 Bg7 5. d3 d6 6. Nge2 e5 7. Nd5 Nce7 8. Nec3 Rb8 9. a3 Be6 10. O-O Qd7 11. Be3 b5 12. b4 Rc8 13. bxc5 dxc5 14. Rb1 Bxd5 15. Nxd5 Nxd5 16. exd5 c4 17. dxc4 Rxc4 18. Re1 a6 19. Bf1 Rc7 20. a4 Rb7 21. axb5 axb5 22. Ra1 Ne7 23. Ra8+ Nc8 24. Bc5 f5 25. Bg2 Rc7 26. Bb4 Rc4 27. c3 Rxb4 28. cxb4 O-O 29. Qc2 Nd6 30. Rxf8+ Kxf8 31. Ra1 e4 32. Ra8+ Ke7 33. Qc5 1-0

[Event "AUT-ch 2018"]
[Site "Vienna"]
[Date "2018.07.25"]
[Round "5"]
[White "Schnegg, Anna-Lena"]
[Black "Pernerstorfer, Johannes"]
[Result "1/2-1/2"]
[ECO "B20"]
[WhiteElo "2175"]
[BlackElo "2066"]
[Annotator "NA"]
[PlyCount "64"]
[EventDate "2018.07.22"]
[EventType "swiss"]
[EventCountry "AUT"]
[SourceTitle "playchess.com"]
[Source "ChessBase"]
[SourceQuality "1"]
[TimeControl "40/5400+30:1800+30"]

1. e4 c5 2. b3 e5 3. Nf3 d6 4. Nc3 Nf6 5. h3 Be7 6. Bc4 O-O 7. O-O a6 8. a4 b6 9. d3 Nc6 10. Nd5 Nxd5 11. Bxd5 Bd7 12. c3 Rb8 13. Bb2 Bf6 14. d4 cxd4 15. cxd4 exd4 16. Nxd4 Ne7 17. Bc4 b5 18. axb5 axb5 19. Be2 d5 20. exd5 Nxd5 21. Qd2 Qe7 22. Bf3 Qb4 23. Qd3 Nf4 24. Qe4 Ne6 25. Nxe6 Qxe4 26. Bxe4 Bxe6 27. Bxf6 gxf6 28. b4 Rfc8 29. Bd3 Rc3 30. Rfd1 Kg7 31. Bf1 Bc4 32. Rac1 Rb3 1/2-1/2

[Event "AUT-ch 2018"]
[Site "Vienna"]
[Date "2018.07.25"]
[Round "5"]
[White "Steiner, Adam"]
[Black "Morgunov, Daniel"]
[Result "0-1"]
[ECO "C34"]
[WhiteElo "2174"]
[BlackElo "2346"]
[Annotator "NA"]
[PlyCount "58"]
[EventDate "2018.07.22"]
[EventType "swiss"]
[EventCountry "AUT"]
[SourceTitle "playchess.com"]
[Source "ChessBase"]
[SourceQuality "1"]
[TimeControl "40/5400+30:1800+30"]

1. e4 e5 2. f4 exf4 3. Nf3 Nf6 4. e5 Nh5 5. Be2 d6 6. O-O g6 7. d4 Bg7 8. Nc3 Nc6 9. exd6 cxd6 10. Nd5 g5 11. c3 Be6 12. Nxf4 Nxf4 13. Bxf4 gxf4 14. d5 O-O 15. Rf2 Ne5 16. Nxe5 Bxe5 17. dxe6 fxe6 18. Bc4 Qf6 19. Qg4+ Kf7 20. Re1 Rae8 21. Kh1 Qg6 22. Qf3 Re7 23. g3 Ke8 24. Bb5+ Kd8 25. Rd2 Kc8 26. Bf1 Rg8 27. Bg2 fxg3 28. Re4 Qh6 29. Rc4+ Kb8 0-1

[Event "AUT-ch 2018"]
[Site "Vienna"]
[Date "2018.07.25"]
[Round "5"]
[White "Zimmermann, Heinz"]
[Black "Mayrhuber, Nikola"]
[Result "1-0"]
[ECO "A06"]
[WhiteElo "2162"]
[BlackElo "2046"]
[Annotator "NA"]
[PlyCount "69"]
[EventDate "2018.07.22"]
[EventType "swiss"]
[EventCountry "AUT"]
[SourceTitle "playchess.com"]
[Source "ChessBase"]
[SourceQuality "1"]
[TimeControl "40/5400+30:1800+30"]

1. Nf3 d5 2. g3 Nf6 3. Bg2 e6 4. O-O Be7 5. d3 O-O 6. Nbd2 c5 7. e4 Nc6 8. c3 b5 9. exd5 exd5 10. d4 cxd4 11. Nxd4 Nxd4 12. cxd4 Qb6 13. Nf3 h6 14. Bf4 Be6 15. Qd3 Rac8 16. Rac1 a5 17. h3 Rc4 18. b3 Rcc8 19. Rxc8 Rxc8 20. Rc1 Rxc1+ 21. Bxc1 b4 22. Ne5 Qc7 23. Bd2 Qc8 24. g4 h5 25. f3 Nd7 26. f4 Nxe5 27. fxe5 hxg4 28. hxg4 Qd7 29. Qa6 Bd8 30. Qa8 Kh7 31. Bf3 Bb6 32. Be3 Qb5 33. Kf2 Qd3 34. Bxd5 Bxd4 35. Be4+ 1-0

[Event "AUT-ch 2018"]
[Site "Vienna"]
[Date "2018.07.25"]
[Round "5"]
[White "Frank, Emanuel"]
[Black "Schmidlechner, Alexander"]
[Result "1/2-1/2"]
[ECO "D30"]
[WhiteElo "2161"]
[BlackElo "2226"]
[Annotator "NA"]
[PlyCount "83"]
[EventDate "2018.07.22"]
[EventType "swiss"]
[EventCountry "AUT"]
[SourceTitle "playchess.com"]
[Source "ChessBase"]
[SourceQuality "1"]
[TimeControl "40/5400+30:1800+30"]

1. d4 d5 2. c4 e6 3. Nf3 Nf6 4. g3 Bb4+ 5. Bd2 Be7 6. Bg2 O-O 7. O-O c6 8. Qc2 Nbd7 9. b3 b6 10. Rd1 Ba6 11. a4 Qc8 12. a5 c5 13. axb6 axb6 14. Na3 cxd4 15. Nxd4 Bb7 16. Nab5 dxc4 17. Na7 Qc7 18. Nac6 Bc5 19. Qxc4 Rxa1 20. Rxa1 Qd6 21. Bf4 e5 22. Nb5 Qe6 23. Qxe6 fxe6 24. Nxe5 Bxg2 25. Nxd7 Nxd7 26. Kxg2 e5 27. Be3 Bxe3 28. fxe3 Nc5 29. b4 Ne4 30. Kg1 h5 31. Rc1 Ra8 32. Rc4 Ra1+ 33. Kg2 Nf6 34. Nc7 Rb1 35. h3 Re1 36. Kf2 Rh1 37. Kg2 Re1 38. Kf2 Rh1 39. Ne6 Rb1 40. Nc7 Kf7 41. e4 Rb3 42. b5 1/2-1/2

[Event "AUT-ch 2018"]
[Site "Vienna"]
[Date "2018.07.25"]
[Round "5"]
[White "Hofegger, Jakob"]
[Black "Riemelmoser, Stefan"]
[Result "0-1"]
[ECO "A06"]
[WhiteElo "2147"]
[BlackElo "2147"]
[Annotator "NA"]
[PlyCount "112"]
[EventDate "2018.07.22"]
[EventType "swiss"]
[EventCountry "AUT"]
[SourceTitle "playchess.com"]
[Source "ChessBase"]
[SourceQuality "1"]
[TimeControl "40/5400+30:1800+30"]

1. Nf3 d5 2. g3 Nf6 3. Bg2 e6 4. O-O Be7 5. d3 c5 6. Nbd2 Nc6 7. e4 Qc7 8. Re1 b6 9. Qe2 Bb7 10. e5 Nd7 11. Nf1 h6 12. h4 O-O-O 13. h5 Rdg8 14. N1h2 g6 15. hxg6 fxg6 16. c3 g5 17. g4 Nf8 18. a3 Ng6 19. b4 h5 20. bxc5 hxg4 21. Nxg4 Bxc5 22. Nf6 g4 23. Ng5 g3 24. d4 Nxd4 25. cxd4 Bxd4 26. Be3 Nf4 27. Bxf4 gxf2+ 28. Kf1 fxe1=Q+ 29. Rxe1 Rxg5 30. Bxg5 Kb8 31. Rd1 Qc3 32. Bf4 Rh4 33. Rxd4 Qxd4 34. Be3 Qa1+ 35. Qe1 Ba6+ 36. Kf2 Qxa3 37. Qd2 Qb4 38. Qc2 Qc4 39. Qd2 Rh2 40. Kg1 Rh4 41. Bf2 Rh8 42. Qb2 Bb5 43. Qd2 Qd3 44. Qc1 Kb7 45. Ng4 a5 46. Nh6 Rf8 47. Ng4 Rh8 48. Nh6 Rf8 49. Ng4 Rg8 50. Ne3 a4 51. Qd1 a3 52. Qxd3 Bxd3 53. Be1 Be4 54. Bc3 a2 55. Kf2 Bxg2 56. Nxg2 Rc8 0-1

[Event "AUT-ch 2018"]
[Site "Vienna"]
[Date "2018.07.25"]
[Round "5"]
[White "Miazhynski, Yuri"]
[Black "Ebner, Johann"]
[Result "1-0"]
[ECO "A15"]
[WhiteElo "2147"]
[BlackElo "2147"]
[Annotator "NA"]
[PlyCount "53"]
[EventDate "2018.07.22"]
[EventType "swiss"]
[EventCountry "AUT"]
[SourceTitle "playchess.com"]
[Source "ChessBase"]
[SourceQuality "1"]
[TimeControl "40/5400+30:1800+30"]

1. c4 Nf6 2. Nf3 e6 3. g3 b6 4. Bg2 Bb7 5. O-O Be7 6. b3 O-O 7. Bb2 c5 8. Nc3 Ne4 9. Nxe4 Bxe4 10. d3 Bb7 11. e4 d6 12. Qe2 Nc6 13. d4 cxd4 14. Nxd4 Nxd4 15. Bxd4 Qc7 16. Qg4 g6 17. Qe2 e5 18. Bb2 f5 19. exf5 Bxg2 20. Kxg2 gxf5 21. Rad1 f4 22. Qg4+ Kf7 23. Rd5 Ke8 24. Qh5+ Rf7 25. Rfd1 f3+ 26. Kg1 a6 27. R1d3 1-0

[Event "AUT-ch 2018"]
[Site "Vienna"]
[Date "2018.07.25"]
[Round "5"]
[White "Atzl, Florian"]
[Black "Opietnik, Christoph"]
[Result "1-0"]
[ECO "A06"]
[WhiteElo "2117"]
[BlackElo "1983"]
[Annotator "NA"]
[PlyCount "53"]
[EventDate "2018.07.22"]
[EventType "swiss"]
[EventCountry "AUT"]
[SourceTitle "playchess.com"]
[Source "ChessBase"]
[SourceQuality "1"]
[TimeControl "40/5400+30:1800+30"]

1. Nf3 d5 2. g3 Nf6 3. Bg2 e6 4. O-O c5 5. d4 Nc6 6. c4 dxc4 7. dxc5 Bxc5 8. Qxd8+ Kxd8 9. Nbd2 Ke7 10. Nxc4 Bd7 11. Nfe5 Rhd8 12. Nd3 Bb6 13. Nxb6 axb6 14. Be3 Ra6 15. b4 b5 16. Nc5 Nxb4 17. Nxa6 Nxa6 18. Bxb7 Nc7 19. Rfd1 Ncd5 20. Bc5+ Ke8 21. Rac1 Rb8 22. Bxd5 Nxd5 23. e4 Nf6 24. f3 Ra8 25. Bd4 Ng8 26. Rc7 f6 27. Bb6 1-0

[Event "AUT-ch 2018"]
[Site "Vienna"]
[Date "2018.07.25"]
[Round "5"]
[White "Charaus, Florian"]
[Black "Exler, Veronika"]
[Result "0-1"]
[ECO "B13"]
[WhiteElo "2115"]
[BlackElo "2198"]
[Annotator "NA"]
[PlyCount "36"]
[EventDate "2018.07.22"]
[EventType "swiss"]
[EventCountry "AUT"]
[SourceTitle "playchess.com"]
[Source "ChessBase"]
[SourceQuality "1"]
[TimeControl "40/5400+30:1800+30"]

1. e4 c6 2. d4 d5 3. exd5 cxd5 4. Bd3 Nc6 5. c3 Qc7 6. Ne2 Bg4 7. O-O Nf6 8. Qe1 e6 9. Bg5 Bxe2 10. Qxe2 Bd6 11. h3 Bf4 12. Bxf4 Qxf4 13. Nd2 O-O 14. g3 Qc7 15. Rae1 Qb6 16. Nf3 Rfc8 17. Ng5 Na5 18. Bxh7+ Nxh7 0-1

[Event "AUT-ch 2018"]
[Site "Vienna"]
[Date "2018.07.25"]
[Round "5"]
[White "Högl, Emanuel"]
[Black "Zojer, Stefan"]
[Result "1/2-1/2"]
[ECO "D30"]
[WhiteElo "2108"]
[BlackElo "2108"]
[Annotator "NA"]
[PlyCount "85"]
[EventDate "2018.07.22"]
[EventType "swiss"]
[EventCountry "AUT"]
[SourceTitle "playchess.com"]
[Source "ChessBase"]
[SourceQuality "1"]
[TimeControl "40/5400+30:1800+30"]

1. d4 d5 2. c4 c6 3. Nf3 Nf6 4. Nbd2 e6 5. e3 Nbd7 6. b3 Be7 7. Bd3 O-O 8. Bb2 b6 9. O-O Bb7 10. Ne5 dxc4 11. Ndxc4 b5 12. Nxd7 Nxd7 13. Nd2 a6 14. Qc2 h6 15. Ne4 Rc8 16. Nc5 Nxc5 17. dxc5 Bxc5 18. Qc3 f6 19. Qxc5 Qxd3 20. Qe7 Rf7 21. Qxe6 c5 22. Rad1 Qe4 23. Qxe4 Bxe4 24. Rd6 Ra7 25. f3 Bg6 26. e4 Bf7 27. Kf2 a5 28. Rc1 Rcc7 29. e5 a4 30. exf6 axb3 31. a3 gxf6 32. Kg3 Rd7 33. Rxd7 Rxd7 34. Rxc5 Rd2 35. Bxf6 Bc4 36. a4 b2 37. Bxb2 Rxb2 38. axb5 Bf1 39. Rc1 Rxg2+ 40. Kh3 Rf2+ 41. Kg3 Rg2+ 42. Kh3 Rf2+ 43. Kg3 1/2-1/2